 Dungeon Crawl Stone Soup version 0.16-a0-3425-gb4a0a08 (webtiles) character file.

415 NewYearsCrawler the Chopper (level 7, -2/52 HPs)
             Began as a Formicid Fighter on Jan 1, 2015.
             Slain by a goliath beetle (19 damage)
             ... on level 5 of the Dungeon.
             The game lasted 00:04:26 (4224 turns).

NewYearsCrawler the Chopper (Formicid Fighter)      Turns: 4224, Time: 00:04:26

Health: -2/52      AC:  9    Str: 23    XL:     7   Next: 15%
Magic:  9/9        EV:  6    Int:  7    God:
Gold:   54         SH:  9    Dex: 10    Spells: 0 memorised, 6 levels left

rFire  . . .     SeeInvis +     a - +0 war axe
rCold  . . .     Clarity  .     y - +0 chain mail (curse)
rNeg   . . .     SustAb   .     c - +0 shield
rPois  .         Gourm    .     (helmet unavailable)
rElec  .         Spirit   .     (no cloak)
rCorr  .         Warding  .     (no gloves)
rMut   .         Stasis   +     (no boots)
MR     .....                    E - amulet of regeneration
Stlth  ..........               (no ring)
                                (no ring)

@: starving, not resistant to hostile enchantments, extremely unstealthy
A: permanent stasis, dig shafts and tunnels, four strong arms, antennae 3
a: Dig, Shaft Self


You were on level 5 of the Dungeon.
You were starving.

You visited 1 branch of the dungeon, and saw 5 of its levels.

You collected 327 gold pieces.
You spent 273 gold pieces at shops.

Inventory:

Hand weapons
 a - a +0 war axe (weapon)
Armour
 c - a +0 shield (worn)
 y - a cursed +0 chain mail (worn)
Jewellery
 h - an uncursed amulet of resist corrosion
 E - an amulet of regeneration (around neck)
Magical devices
 v - a wand of magic darts (18)
 C - a wand of fireball (3)
Scrolls
 f - 5 scrolls of fear
 i - 4 scrolls of identify
 j - 4 scrolls of enchant armour
 l - 4 scrolls of remove curse
 n - a scroll of immolation {unknown}
 o - a scroll of amnesia {unknown}
 t - 2 scrolls of teleportation {unknown}
 w - 3 scrolls of magic mapping
 B - a scroll of recharging {unknown}
 G - 2 scrolls of noise {unknown}
 H - a scroll of blinking {unknown}
Potions
 b - 3 potions of degeneration {unknown}
 e - a potion of might
 g - 2 potions of mutation {unknown}
 k - 5 potions of curing {unknown}
 q - a potion of invisibility {unknown}
 s - a potion of agility {unknown}
 u - 2 potions of restore abilities {unknown}
 x - 3 potions of heal wounds {unknown}
 z - a potion of experience {unknown}
 D - a potion of resistance {unknown}
Books
 r - a book of Clouds

   Spells                             Type                      Level
   a - Mephitic Cloud                 Conjuration/Poison/Air       3
   b - Conjure Flame                  Conjuration/Fire             3
   c - Poisonous Cloud                Conjuration/Poison/Air       6
   d - Freezing Cloud                 Conjuration/Ice/Air          6
   e - Ring of Flames                 Charms/Fire                  7
Comestibles
 d - 4 bread rations
 m - 2 royal jellies
 p - 4 fruits
 A - a beef jerky
 F - 2 meat rations


   Skills:
 - Level 3.2 Fighting
 + Level 7.1 Axes
 - Level 3.2 Armour
 + Level 3.7 Shields


You had 6 spell levels left.
You didn't know any spells.

Dungeon Overview and Level Annotations

Branches:
Dungeon (5/15)
 Temple: D:4-7

Altars:
Cheibriados
Nemelex Xobeh
Ru
Vehumet
Yredelemnul
Zin
The Shining One

Shops:
D:5 ?


Innate Abilities, Weirdness & Mutations

You are under a permanent stasis effect.
You can dig through walls and to a lower floor.
Your four strong arms can wield two-handed weapons with a shield.
You have a pair of large antennae on your head (SInv).


Message History

The goliath beetle bites you!
* * * LOW HITPOINT WARNING * * *
A jackal zombie comes into view.
Unknown command.
You block the jackal zombie's attack. As you open the door, it creaks loudly!
The jackal zombie bites you but does no damage.
There is an open door here.
You block the jackal zombie's attack.
You hit the jackal zombie but do no damage.
The jackal zombie barely misses you.
You slash the jackal zombie! The jackal zombie barely misses you.
You closely miss the jackal zombie.
The jackal zombie bites you but does no damage. x2
You hit the jackal zombie.
You destroy the jackal zombie!
You hit the goliath beetle.
The goliath beetle is moderately wounded.
The goliath beetle bites you!!
You die...

#..........###########
#......................
#.###########........#
#.#..................+
#.#..........B.......######
#.#..................##....
######.########'##........##.###
#......# #B############.##.
#......########@############.##.
#.....>......................##.
##.................##########..#.
.'.........................##..#.
##.................#######.##..#.
#.................# #.##....
#.................# #.##+#..
#..)..............# #.......
#.................# #.......


You could see a goliath beetle.

Vanquished Creatures
  A phantom (D:4)
  Blork the orc (D:4)
  An orc priest (D:3)
  A worker ant (D:4)
  5 adders
  7 gnolls
  A shadow imp (D:5)
  7 giant geckos
  2 oozes
  6 orcs (D:3)
  7 bats
  12 hobgoblins
  A jackal (D:3)
  A ball python (D:2)
  7 giant cockroaches
  A giant gecko skeleton (D:5)
  3 giant newts
  10 goblins
  A jackal zombie (D:5)
  9 kobolds
  13 rats
97 creatures vanquished.

Notes
Turn   | Place    | Note
--------------------------------------------------------------
     0 | D:1      | NewYearsCrawler, the Formicid Fighter, began the quest for the Orb.
     0 | D:1      | Reached XP level 1. HP: 18/18 MP: 1/1
   165 | D:1      | Reached XP level 2. HP: 16/24 MP: 3/3
   804 | D:2      | Reached XP level 3. HP: 19/29 MP: 4/4
   979 | D:2      | Found a basalt altar of Yredelemnul.
  1149 | D:2      | Reached XP level 4. HP: 35/35 MP: 5/5
  1186 | D:2      | Reached skill level 4 in Axes
  1755 | D:3      | Reached XP level 5. HP: 21/41 MP: 7/7
  1759 | D:3      | Reached skill level 5 in Axes
  2115 | D:3      | Found a sparkling altar of Nemelex Xobeh.
  2479 | D:3      | HP: 2/41 [orc priest/falchion (5)]
  2480 | D:3      | Reached XP level 6. HP: 2/47 MP: 8/8
  3090 | D:4      | Reached skill level 6 in Axes
  3144 | D:4      | Noticed Blork the orc
  3156 | D:4      | Killed Blork the orc
  3156 | D:4      | Reached XP level 7. HP: 36/52 MP: 9/9
  3529 | D:4      | Reached skill level 7 in Axes
  3533 | D:4      | Found a glowing silver altar of Zin.
  3536 | D:4      | Found a glowing golden altar of the Shining One.
  3537 | D:4      | Found a sacrificial altar of Ru.
  3539 | D:4      | Found a radiant altar of Vehumet.
  3677 | D:5      | Entered Level 5 of the Dungeon
  3739 | D:5      | Found a snail-covered altar of Cheibriados.
  3899 | D:5      | Found Ihafel's Magic Scroll Boutique.
  3902 | D:5      | Bought a scroll of identify for 28 gold pieces
  3902 | D:5      | Bought a scroll of enchant armour for 105 gold pieces
  3902 | D:5      | Bought a scroll of magic mapping for 49 gold pieces
  3902 | D:5      | Bought a scroll of remove curse for 42 gold pieces
  3902 | D:5      | Bought a scroll of fear for 49 gold pieces
  4224 | D:5      | Slain by a goliath beetle

Action                   |  1- 3 |  4- 6 |  7- 9 || total
-------------------------+-------+-------+-------++-------
Melee: War axe           |    81 |   186 |    79 ||   346
  Eat: Chunk             |       |     7 |     2 ||     9
